 Dungeon Crawl Stone Soup version 0.27-a0-1200-g94dc6ad4cf (webtiles) character file.

Game seed: 14100276254782601058

860 bobarctor the Thaumaturge (level 7, -3/36 HPs)
             Began as a Deep Elf Necromancer on June 1, 2021.
             Shot with an arrow by a centaur (13 damage)
             ... on level 5 of the Dungeon.
             The game lasted 00:29:55 (9155 turns).

bobarctor the Thaumaturge (Deep Elf Necromancer)    Turns: 9155, Time: 00:29:56

Health: -3/36      AC:  6    Str: 11    XL:     7   Next: 71%
Magic:  21/21      EV: 12    Int: 22    God:
Gold:   36         SH:  0    Dex: 15    Spells: 6/24 levels left

rFire    . . .     SeeInvis .   i - +1 flail (holy)
rCold    . . .     Faith    .   (no shield)
rNeg     + . .     Spirit   .   y - +2 robe {rN+}
rPois    .         Reflect  .   (no helmet)
rElec    .         Harm     .   (no cloak)
rCorr    +         Rampage  .   q - +1 pair of gloves
Will     .....                  (no boots)
Stlth    ++........             (no amulet)
HPRegen  0.12/turn              x - +6 ring of strength
MPRegen  0.17/turn              c - ring of resist corrosion

@: no status effects
A: no striking features
a: no special abilities


You were on level 5 of the Dungeon.
You visited 1 branch of the dungeon, and saw 5 of its levels.

You collected 146 gold pieces.
You spent 110 gold pieces at shops.

Inventory:

Hand Weapons
 b - a +0 vampiric trident
 d - a +1 mace of protection
 g - a +1 whip of electrocution
 i - a +1 flail of holy wrath (weapon)
 r - a +2 dagger of venom
 u - a +1 vampiric whip
 w - a +0 long sword
 z - a +2 short sword
Missiles
 e - 67 bolts
 f - 24 arrows
 h - 112 stones (quivered)
 s - 4 javelins
Armour
 a - a +0 robe
 q - a +1 pair of gloves (worn)
 y - a +2 robe of positive energy (worn)
Jewellery
 c - a ring of resist corrosion (right hand)
 x - a +6 ring of strength (left hand)
 A - a ring of willpower
Scrolls
 m - a scroll of immolation
 p - a scroll of brand weapon
Potions
 j - 3 potions of curing
 k - a potion of magic
 l - 3 potions of attraction
 n - a potion of haste
 o - a potion of resistance {unknown}
 t - a potion of heal wounds {unknown}
 v - a potion of might {unknown}


   Skills:
 + Level 0.2 Fighting
 + Level 2.6 Dodging
 + Level 2.7 Stealth
 * Level 9.3 Spellcasting
 + Level 7.3 Necromancy
 * Level 2.7 Ice Magic


You had 6 spell levels left.
You knew the following spells:

 Your Spells              Type           Power      Damage    Failure   Level
a - Pain                  Necr           100%       1d9       1%          1
b - Animate Skeleton      Necr           84%        N/A       1%          1
c - Vampiric Draining     Necr           21%        2d9       1%          3
d - Animate Dead          Necr           21%        N/A       3%          4
e - Freeze                Ice            88%        1d10      2%          1
f - Agony                 Necr           42%        N/A       9%          5
g - Ozocubu's Armour      Ice            22%        N/A       6%          3

Your spell library contained the following spells:

 Spells                   Type           Power      Damage    Failure   Level
 Frozen Ramparts          Ice            44%        1d6       6%          3
 Hailstorm                Conj/Ice       16%        3d6       36%         4
 Metabolic Englaciation   Hex/Ice        8%         N/A       71%         5


Dungeon Overview and Level Annotations

Branches:
Dungeon (5/15)             Temple (0/1) D:5

Altars:

Shops:
D:3 **!   D:5 ?


Message History

n - a potion of haste
Things that are here:
a +0 club; a +0 leather armour
Things that are here:
a +0 dagger; a +0 robe; an orc corpse
Found a whip.
Things that are here:
a +0 hand axe; a +0 ring mail; an orc corpse
Things that are here:
a +0 dagger; a +0 robe; an orc corpse
There is an open door here.
You now have 36 gold pieces (gained 12).
There is an open door here.
Found a dagger.
You see here a +0 whip.
Found a stone staircase leading down.
You see here a +0 dagger.
A bullfrog skeleton comes into view.
Your +2 dagger of venom stops dripping with poison.
Your +1 flail of holy wrath softly glows with a divine radiance!
i - a +1 flail of holy wrath (weapon)
You thump the bullfrog skeleton!
The bullfrog skeleton convulses!
The bullfrog skeleton is heavily damaged.
The bullfrog skeleton hits you.
The bullfrog skeleton hits you but does no damage.
You sock the bullfrog skeleton!
The bullfrog skeleton convulses!
You destroy the bullfrog skeleton!
Found a stone staircase leading up.
Found an escape hatch in the floor.
A centaur comes into view.
The centaur shouts!
You hear a shout!
The centaur wields a +4 shortbow of flaming.
It bursts into flame!
The centaur shoots an arrow.
The arrow hits you! The arrow burns you.
The centaur shoots an arrow.
The arrow hits you! The arrow burns you.
* * * LOW HITPOINT WARNING * * *
Unknown command.
The centaur shoots an arrow.
The arrow closely misses you.
The centaur shoots an arrow.
The arrow hits you!
You die...

########.#######
................
#########..######
...........#
#########...#..#
c.......#<..#..# ###
#.#.#.#..#
#.###c#.#.#..#######
#..@......#.........
#.###.....#.########
.........>.#.#
#.#.###.....#.########
#.#.# #.....#.........
# ... #>......)...)...
... #.....######.###
.. #.##########'##.
#......#.


You could see a centaur.

Vanquished Creatures
  A steam dragon (D:4)
  A phantom (D:5)
  Blork the orc (D:5)
  A scorpion (D:4)
  3 wights (D:3)
  A jelly (D:5)
  2 orc priests
  A bullfrog skeleton (D:5)
  2 iguanas
  Natasha (thrice) (D:3)
  An orc wizard (D:5)
  7 adders
  2 dart slugs
  13 orcs
  5 bats
  2 endoplasms (D:2)
  8 giant cockroaches
  6 goblins
  3 hobgoblins
  3 quokkas
  5 ball pythons
  14 frilled lizards
  4 kobolds
  3 rats
92 creatures vanquished.

Vanquished Creatures (others)
  8 plants
8 creatures vanquished.

Grand Total: 100 creatures vanquished

Notes
Turn   | Place    | Note
-------+----------+-------------------------------------------
     0 | D:1      | bobarctor the Deep Elf Necromancer began the quest for the
                  | Orb.
     0 | D:1      | Reached XP level 1. HP: 10/10 MP: 6/6
   324 | D:1      | Reached skill level 5 in Necromancy
   384 | D:1      | Learned a level 1 spell: Animate Skeleton
   617 | D:1      | Reached XP level 2. HP: 14/15 MP: 6/8
  1622 | D:2      | Reached skill level 4 in Spellcasting
  1622 | D:2      | Reached XP level 3. HP: 11/19 MP: 3/10
  1754 | D:2      | Learned a level 3 spell: Vampiric Draining
  2361 | D:2      | Reached skill level 5 in Spellcasting
  2523 | D:2      | Found a faded altar of an unknown god.
  2659 | D:2      | Reached XP level 4. HP: 23/24 MP: 11/13
  2887 | D:2      | Learned a level 4 spell: Animate Dead
  3072 | D:3      | Found Moqous's Assorted Antiques.
  3163 | D:3      | Found Ytod's General Store.
  4283 | D:3      | Learned a level 1 spell: Freeze
  4347 | D:3      | Noticed Natasha
  4351 | D:3      | Killed Natasha
  4352 | D:3      | Reached XP level 5. HP: 25/28 MP: 11/15
  4423 | D:3      | Noticed Natasha
  4427 | D:3      | Killed Natasha
  4650 | D:4      | Reached skill level 6 in Spellcasting
  5180 | D:4      | Reached XP level 6. HP: 18/32 MP: 11/17
  5576 | D:4      | Reached skill level 1 in Ice Magic
  5726 | D:4      | Noticed a steam dragon
  5733 | D:4      | Killed a steam dragon
  5734 | D:4      | Reached skill level 7 in Spellcasting
  6289 | D:3      | Learned a level 5 spell: Agony
  6293 | D:3      | Learned a level 3 spell: Ozocubu's Armour
  6439 | D:3      | HP: 1/31 [wight/+3 morningstar of freezing (1)]
  6857 | D:3      | Noticed Natasha
  6861 | D:3      | Killed Natasha
  7059 | D:3      | Bought a pearl ring for 90 gold pieces
  7070 | D:3      | Reached skill level 8 in Spellcasting
  7070 | D:3      | Reached XP level 7. HP: 26/34 MP: 18/20
  8038 | D:3      | Found Nomoahia's Distillery.
  8395 | D:5      | Entered Level 5 of the Dungeon
  8499 | D:5      | Found a staircase to the Ecumenical Temple.
  8520 | D:5      | Found Gonor's Magic Scroll Shop.
  8572 | D:5      | Reached skill level 9 in Spellcasting
  8781 | D:5      | Noticed Blork the orc
  8790 | D:5      | Killed Blork the orc
  9069 | D:5      | Bought a scroll of identify for 20 gold pieces
  9155 | D:5      | Shot with an arrow by a centaur

Illustrated notes

Levels and vault maps discovered:
D:1:      lightli_arrival_farm, layout_basic, serial_forest,
          infiniplex_forest_clump_small, infiniplex_forest_diagonal,
          infiniplex_forest_join, infiniplex_forest_lined_1,
          minmay_indecisive_spiral
D:2:      layout_loops_corners, ebering_ecumenical_altar_sacrificial,
          kennysheep_cluttered_room, minmay_lizard_king
D:3:      layout_basic, serial_shops, shop, nicolae_shop_trees,
          nicolae_shop_competitors_out_of_business, uniq_natasha
D:4:      layout_basic
D:5:      layout_basic, temple_doors_e, serial_shops, shop, uniq_blork_the_orc,
          uniq_duvessa

Skill      XL: |  1  2  3  4  5  6  7 |
---------------+----------------------+-----
Necromancy     | 5 6 7 |  7.3
Spellcasting   | 4 5 6 8 9 |  9.3
Ice Magic      | 2 |  2.7
Fighting       | |  0.2
Dodging        | |  2.6
Stealth        | |  2.7

Action                   |  1- 3 |  4- 6 |  7- 9 || total
-------------------------+-------+-------+-------++-------
Melee: Whip              |     5 |     6 |    10 ||    21
       Dagger            |       |       |    18 ||    18
       Flail             |       |       |     5 ||     5
 Cast: Pain              |    57 |    93 |    22 ||   172
       Vampiric Draining |     1 |     6 |     4 ||    11
       Animate Dead      |       |     1 |       ||     1
       Freeze            |       |       |     3 ||     3
       Animate Skeleton  |       |       |     1 ||     1
       Ozocubu's Armour  |       |       |     1 ||     1
  Use: Scroll            |       |     6 |     5 ||    11
Armor: Robe              |     5 |     1 |     9 ||    15
Dodge: Dodged            |    11 |    14 |    25 ||    50

Table legend: (Time is in decaauts)
 A = Elapsed time spent in this place.
 B = Non-inter-level travel time spent in this place.
 C = Inter-level travel time spent in this place.
 D = Time resting spent in this place.
 E = Time spent auto-exploring this place.
 F = Levels seen in this place.
 G = Mean time per level.
                   A        B        C        D        E       F      G
               +--------+--------+--------+--------+--------+-----+--------+
         Total |   9193 |   8958 |    235 |   4675 |   3110 |   5 | 1838.6 |
       Dungeon |   9193 |   8958 |    235 |   4675 |   3110 |   5 | 1838.6 |
               +--------+--------+--------+--------+--------+-----+--------+

Top non-repeatable levels by time:
     D:2: 3853 daAuts
     D:4: 1780 daAuts
     D:3: 1501 daAuts
     D:1: 1298 daAuts
     D:5: 759 daAuts
